 Dungeon Crawl Stone Soup version 0.22.1-2-g9c5b331 (webtiles) character file.

183 Santreim the Ruffian (level 5, 0/40 HPs)
             Began as a Draconian Transmuter on Dec 16, 2018.
             Slain by an iguana (2 damage)
             ... on level 4 of the Dungeon.
             The game lasted 00:12:00 (3218 turns).

Santreim the Ruffian (Draconian Transmuter)         Turns: 3218, Time: 00:12:01

Health: 0/40       AC:  6    Str: 14    XL:     5   Next: 35%
Magic:  7/9        EV: 12    Int: 13    God:
Gold:   190        SH:  0    Dex: 11    Spells: 6/9 levels left

rFire    . . .     SeeInvis .     - Unarmed
rCold    . . .     Gourm    .   (no shield)
rNeg     . . .     Faith    .   (armour unavailable)
rPois    .         Spirit   .   (helmet restricted)
rElec    .         Reflect  .   v - +0 cloak
rCorr    .         Harm     .   (no gloves)
MR       .....                  (no boots)
Stlth    ++........             (no amulet)
HPRegen  0.13/turn              e - ring of wizardry
MPRegen  0.11/turn              (no ring)

@: appendage (expiring)
A: unfitting armour, horns 2, cold-blooded, AC +5
a: End Transformation


You were on level 4 of the Dungeon.
You were not hungry.
You had grown temporary horns.
You visited 1 branch of the dungeon, and saw 4 of its levels.

You collected 190 gold pieces.

Inventory:

Hand Weapons
 s - a cursed -3 hand axe
 t - a +0 short sword of venom
 u - a +4 quarterstaff of chaos
Missiles
 a - 40 arrows
 r - 3 javelins (quivered)
Armour
 v - a +0 cloak (worn)
Jewellery
 e - a ring of wizardry (left hand)
Wands
 m - a wand of disintegration (14)
Scrolls
 f - 4 scrolls of magic mapping {unknown}
 i - 2 scrolls of enchant armour {unknown}
 l - a scroll of random uselessness {unknown}
 q - a scroll of enchant weapon {unknown}
Potions
 b - a potion of magic {unknown}
 d - a potion of heal wounds {unknown}
 h - a potion of curing {unknown}
 j - 2 potions of agility {unknown}
 k - 2 potions of lignification {unknown}
 n - a potion of brilliance {unknown}
 o - a potion of ambrosia {unknown}
 p - 2 potions of invisibility {unknown}
Comestibles
 c - 8 rations
 g - 10 chunks of flesh


   Skills:
 + Level 1.2 Fighting
 + Level 2.5 Dodging
 + Level 1.3 Stealth
 + Level 4.4 Unarmed Combat
 + Level 2.9 Spellcasting
 + Level 2.7 Transmutations


You had 6 spell levels left.
You knew the following spells:

 Your Spells              Type           Power        Failure   Level  Hunger
a - Beastly Appendage     Tmut           #.....       3%          1    #......
b - Sticks to Snakes      Tmut           #.......     4%          2    ###....

Your spell library contained the following spells:

 Spells                   Type           Power        Failure   Level  Hunger
 Spider Form              Tmut/Pois      #.........   16%         3    ###....
 Ice Form                 Ice/Tmut       #.......     45%         4    #####..
 Blade Hands              Tmut           #.........   61%         5    ######.


Dungeon Overview and Level Annotations

Branches:
Dungeon (4/15)
 Temple: D:4-7

Altars:


Innate Abilities, Weirdness & Mutations

Your plain brown scales are hard. (AC +5)
You cannot fit into any form of body armour.
You are cold-blooded and may be slowed by cold attacks.
You have a pair of horns on your head.


Message History

The orc shouts!
Your headbutt misses the iguana.
The iguana is severely wounded.
The iguana bites you!
The orc priest invokes the aid of Beogh against you.
Beogh smites you!
* * * LOW HITPOINT WARNING * * *
You hear an angry hiss.
Casting: Beastly Appendage (safe; 3% risk of failure)
Confirm with . or Enter, or press ? or * to list all spells.
You create a snake!
You now have 40 arrows.
Your transformation is almost over.
The iguana bites you!
* * * LOW HITPOINT WARNING * * *
An ogre comes into view. It is wielding a giant club.
The orc hits your ball python with a whip.
Your ball python dies!
There is a stone staircase leading up here.
The iguana bites you.
You die...

### #@# #l# #.#
#.#
#######o########
O.....ool.......
####.##...[...##
.#### #oo.....#
.o.oo.##.......#


You could see an iguana, an orc wizard, 4 orcs and a leopard gecko.

Vanquished Creatures
  Crazy Yiuf (D:3)
  2 orc wizards (D:3)
  Terence (D:3)
  2 adders
  2 dart slugs (D:1)
  A leopard gecko (D:1)
  7 orcs (D:3)
  2 giant cockroaches
  6 goblins
  6 hobgoblins
  A jackal (D:1)
  A quokka (D:3)
  2 bats
  3 kobolds
  23 rats
60 creatures vanquished.

Vanquished Creatures (collateral kills)
  A hobgoblin (D:1)
  A kobold (D:1)
2 creatures vanquished.

Grand Total: 62 creatures vanquished

Notes
Turn   | Place    | Note
-------+----------+-------------------------------------------
     0 | D:1      | Santreim the Draconian Transmuter began the quest for the
                  | Orb.
     0 | D:1      | Reached XP level 1. HP: 16/16 MP: 3/3
    71 | D:1      | Reached XP level 2. HP: 2/23 MP: 3/5
   541 | D:1      | Learned a level 2 spell: Sticks to Snakes
  1218 | D:2      | Reached skill level 1 in Stealth
  1218 | D:2      | Reached XP level 3. HP: 22/28 MP: 3/6
  1829 | D:3      | Reached XP level 4. HP: 7/35 MP: 3/7
  2216 | D:3      | Noticed Terence
  2232 | D:3      | Killed Terence
  2232 | D:3      | Reached skill level 4 in Unarmed Combat
  2387 | D:3      | Found a runed door.
  2391 | D:3      | Noticed Crazy Yiuf
  2409 | D:3      | Killed Crazy Yiuf
  2478 | D:3      | Reached XP level 5. HP: 17/40 MP: 6/9
  3212 | D:4      | HP: 1/40 [iguana (7)]
  3213 | D:4      | Noticed an ogre
  3218 | D:4      | Slain by an iguana

Skill      XL: |  1  2  3  4 |
---------------+-------------+-----
Dodging        | 2 |  2.5
Stealth        | 1 |  1.3
Unarmed Combat | 4 |  4.4
Fighting       | |  1.2
Spellcasting   | |  2.9
Transmutations | |  2.7

Action                   |  1- 3 |  4- 6 || total
-------------------------+-------+-------++-------
Melee: Unarmed           |    96 |   111 ||   207
       Kick              |    15 |    10 ||    25
       Tailslap          |    11 |    10 ||    21
       Punch             |     2 |     3 ||     5
       Headbutt          |     1 |     7 ||     8
 Cast: Beastly Appendage |    16 |    11 ||    27
       Sticks to Snakes  |     4 |     6 ||    10
  Use: Scroll            |     1 |     1 ||     2
 Stab: Distracted        |     1 |       ||     1
  Eat: Ration            |     1 |     1 ||     2
       Chunk             |       |     2 ||     2
Armor: Skin              |    33 |    24 ||    57
Dodge: Dodged            |    69 |    55 ||   124
